 Dungeon Crawl Stone Soup version 0.18-a0-1788-g92de1ac (webtiles) character file.

5168 MrRokkomies the Octopoid Aeon (level 10, -17/61 HPs)
             Began as an Octopode Summoner on Apr 19, 2016.
             Was the Champion of Cheibriados.
             Engulfed by a cloud of freezing vapour (38 damage)
             ... in an ice cave on Apr 20, 2016.
             The game lasted 01:29:57 (10034 turns).

MrRokkomies the Octopoid Aeon (Octopode Summoner)  Turns: 10034, Time: 01:29:57

Health: -17/61     AC:  1    Str: 28    XL:     10   Next: 59%
Magic:  15/25      EV: 21    Int: 36    God:    Cheibriados [******]
Gold:   496        SH:  8    Dex: 27    Spells: 4 memorised, 0 levels left

rFire  + . .     SeeInvis .     a - +0 trident
rCold  . . .     Gourm    .     C - +1 buckler
rNeg   . . .     Faith    .     (helmet restricted)
rPois  .         Spirit   .     (no amulet)
rElec  .         Dismiss  .     f - ring of magical power
rCorr  .         Reflect  .     A - ring of sustain attributes
SustAt +         Harm     .     k - ring of wizardry
MR     .....                    D - +4 ring of evasion
Stlth  ++++......               J - ring "Yvapuyxt" {Wiz +Blink rF+}
                                (no ring)
                                (no ring)
                                (no ring)

@: mighty, very slow, not resistant to hostile enchantments, stealthy
A: almost no armour, amphibious, 8 rings, constrict 8, camouflage 1, gelatinous
body 1
a: Bend Time, Temporal Distortion, Slouch, Step From Time, Renounce Religion,
Evoke Blink


You were in an ice cave.
You worshipped Cheibriados.
Cheibriados was exalted by your worship.
You were not hungry.

You visited 2 branches of the dungeon, and saw 9 of its levels.
You also visited: Sewer and Ice Cave.

You collected 496 gold pieces.

Inventory:

Hand Weapons
 a - a +0 trident (weapon)
 b - a +1 hunting sling of evasion
 w - a +0 blowgun
Missiles
 g - 17 poisoned needles
 z - 33 sling bullets
Armour
 C - a +1 buckler (worn)
Jewellery
 f - a ring of magical power (left tentacle)
 k - a ring of wizardry (on tentacle)
 A - a ring of sustain attributes (right tentacle)
 D - a +4 ring of evasion (on tentacle)
 H - an uncursed ring of fire
 J - the ring "Yvapuyxt" (on tentacle) {Wiz +Blink rF+}
   (You found it on level 1 of the Lair of Beasts)

   [ring of wizardry]

   It improves your spell success rate.
   It protects you from fire.
   It lets you blink.
Wands
 G - a wand of disintegration (10/24)
Scrolls
 o - 3 scrolls of remove curse
 q - 2 scrolls of enchant weapon
 t - 2 scrolls of fear
 u - a scroll of teleportation
 B - 3 scrolls of recharging
Potions
 c - 4 potions of heal wounds
 d - 9 potions of curing
 e - a potion of might
 h - 3 potions of cure mutation
 j - a potion of mutation {unknown}
 l - a potion of ambrosia
 n - a potion of resistance {unknown}
 p - 2 potions of flight {unknown}
 r - 2 potions of brilliance {unknown}
 v - a potion of magic {unknown}
 x - a potion of lignification {unknown}
 F - 2 potions of degeneration {unknown}
 I - a potion of agility {unknown}
 K - a potion of cancellation {unknown}
Books
 s - a book of Callings

   Spells                             Type                      Level
   a - Summon Small Mammal            Summoning                    1
   b - Call Imp                       Summoning                    2
   c - Call Canine Familiar           Summoning                    3
   d - Summon Guardian Golem          Hexes/Summoning              3
   e - Summon Lightning Spire         Summoning/Air                4
   f - Summon Ice Beast               Ice/Summoning                4
 E - a book of Envenomations

   Spells                             Type                      Level
   a - Spider Form                    Transmutation/Poison         3
   b - Olgreb's Toxic Radiance        Poison                       4
   c - Alistair's Intoxication        Transmutation/Poison         5
   d - Poisonous Cloud                Conjuration/Poison/Air       6
 L - a Necronomicon

   Spells                             Type                      Level
   a - Haunt                          Necromancy/Summoning         7
   b - Borgnjor's Revivification      Necromancy                   8
   c - Death's Door                   Charms/Necromancy            8
   d - Necromutation                  Transmutation/Necromancy     8
Comestibles
 i - 3 meat rations
 m - 3 fruits
 y - 4 bread rations


   Skills:
 - Level 2.6 Fighting
 * Level 9.0 Polearms
 - Level 4.7 Dodging
 - Level 2.6 Stealth
 - Level 5.0 Shields
 - Level 2.0 Spellcasting
 - Level 6.0 Summonings
 - Level 3.0 Air Magic
 * Level 9.1 Invocations


You couldn't memorise any spells.
You knew the following spells:

 Your Spells              Type           Power        Failure   Level  Hunger
a - Summon Lightning Spi  Summ/Air       #####...     2%          4    ####...
b - Call Canine Familiar  Summ           #####...     1%          3    ###....
c - Call Imp              Summ           #####...     1%          2    ##.....
d - Summon Ice Beast      Ice/Summ       ####....     4%          4    ####...


Dungeon Overview and Level Annotations

Branches:
Dungeon (8/15)             Temple (0/1) D:5            Lair (1/8) D:8

Altars:
Cheibriados
Dithmenos
Elyvilon
Gozag
Kikubaaqudgha
Makhleb
Nemelex Xobeh
Pakellas
Qazlal
Sif Muna
Yredelemnul
Zin

Annotations:
D:1 1 runed door IceCv exclusion: ice statue


Innate Abilities, Weirdness & Mutations

You cannot wear most types of armour.
You are amphibious.
You can wear up to eight rings at the same time.
You can use your tentacles to constrict eight enemies at once.
Your skin changes colour to match your surroundings (Stealth).
Your rubbery body absorbs attacks (AC +1).


Message History

The ice statue is almost destroyed.
You are engulfed in freezing vapours.
You puncture the ice statue! You squeeze the ice statue.
You destroy the ice statue!
Cheibriados thoroughly appreciates the change of pace.
Your Polearms skill increases to level 9!
Your Invocations skill increases to level 9!
You are engulfed in freezing vapours.
* * * LOW HITPOINT WARNING * * *
The ice beast disappears in a puff of smoke!
Drink which item? (? for menu, Esc to quit)
You feel much better.
You are engulfed in freezing vapours.
Press: ? - help, v - describe, . - travel, g - get item A scroll of identify.
The floor.
There is a cloud of freezing vapour here.
Unknown command.
You are engulfed in freezing vapours.
Ouch! That really hurt!
You die...

#### 8Y....... ##..##
##........
##....######.........
#.......##...Y.......
#..\\........Y....⌠..
#..........§§§.......
##....##..##Y........
##..######§#.§......
#### ##@........
##........ ##.......
##..... #####


You could see an ice beast and a friendly ice beast.

Vanquished Creatures
  Joseph (D:7)
  An ice statue (IceCv)
  A spiny frog (Lair:1)
  2 ice devils (IceCv)
  A hippogriff (D:7)
  2 hell hounds (D:8)
  2 orc warriors
  An ogre (D:7)
  3 centaurs
  7 big kobolds
  4 giant frogs
  A howler monkey (D:4)
  A crimson imp (D:7)
  A centaur zombie (D:8)
  A wasp zombie (D:7)
  A jelly (D:5)
  4 orc priests (D:7)
  5 hounds
  3 giant frog skeletons
  Natasha (thrice) (D:2)
  An orc wizard (D:8)
  A worker ant (D:7)
  A hound skeleton (D:4)
  A hound zombie (D:6)
  A worker ant zombie (D:5)
  5 adders
  4 river rats
  A shadow imp (D:7)
  4 white imps (Lair:1)
  3 adder skeletons
  2 worms (D:5)
  A dart slug (D:1)
  6 giant geckos
  20 orcs
  3 bats (D:1)
  4 giant cockroaches
  8 goblins
  4 hobgoblins
  5 jackals
  3 quokkas
  4 ball pythons
  A giant cockroach zombie (D:5)
  A giant gecko skeleton (D:6)
  11 giant newts
  A jackal skeleton (D:3)
  15 kobolds
  A quokka skeleton (D:7)
  8 rats
  A butterfly (D:5)
166 creatures vanquished.

Vanquished Creatures (collateral kills)
  2 ice devils (IceCv)
  A komodo dragon (Lair:1)
  Menkaure (D:6)
  An orc warrior (D:7)
  A porcupine (Lair:1)
  An ice beast (D:6)
  3 sky beasts
  4 ogres
  2 phantoms
  A crocodile (Lair:1)
  4 big kobolds (D:8)
  A giant frog (D:7)
  A scorpion (D:7)
  A killer bee (D:5)
  A howler monkey (D:5)
  A wasp zombie (D:7)
  A hound (D:6)
  A jelly (D:7)
  3 orc priests
  8 orc wizards
  Crazy Yiuf (D:7)
  A worker ant (D:4)
  7 adders
  4 river rats
  A shadow imp (D:5)
  8 white imps (Lair:1)
  A worm (D:3)
  12 orcs
  A ball python (D:2)
  A bat (D:2)
  A hobgoblin (D:3)
  2 jackals (D:2)
  A quokka (D:7)
  A giant gecko skeleton (D:7)
  8 kobolds
  A rat (D:3)
90 creatures vanquished.

Vanquished Creatures (others)
  A quokka (D:7)
1 creature vanquished.

Grand Total: 257 creatures vanquished

Notes
Turn   | Place    | Note
--------------------------------------------------------------
     0 | D:1      | MrRokkomies the Octopode Summoner began the quest for the Orb.
     0 | D:1      | Reached XP level 1. HP: 11/11 MP: 3/3
     1 | D:1      | Found a runed door.
   574 | D:1      | Reached XP level 2. HP: 13/18 MP: 5/5
  1071 | D:1      | Reached skill level 1 in Fighting
  1459 | D:2      | Noticed Natasha
  1462 | D:2      | Reached XP level 3. HP: 23/23 MP: 6/6
  1479 | D:2      | Killed Natasha
  1484 | D:2      | Learned a level 3 spell: Call Canine Familiar
  1487 | D:2      | Learned a level 2 spell: Call Imp
  1540 | D:2      | Noticed Natasha
  1552 | D:2      | Killed Natasha
  1552 | D:2      | Reached XP level 4. HP: 19/29 MP: 7/7
  1558 | D:2      | Reached skill level 5 in Summonings
  1644 | D:2      | Noticed Natasha
  1651 | D:2      | Killed Natasha
  1666 | D:2      | Found a snail-covered altar of Cheibriados.
  1686 | D:2      | Became a worshipper of Cheibriados the Contemplative
  2469 | D:3      | Reached * piety under Cheibriados
  2469 | D:3      | Reached XP level 5. HP: 35/35 MP: 8/8
  2482 | D:3      | Found an opulent altar of Gozag.
  2502 | D:3      | Reached skill level 1 in Polearms
  2780 | D:3      | Found a stormy altar of Qazlal.
  3132 | D:4      | Reached ** piety under Cheibriados
  3145 | D:4      | Found an oddly glowing altar of Pakellas.
  3153 | D:4      | Found an ancient bone altar of Kikubaaqudgha.
  3154 | D:4      | Found a deep blue altar of Sif Muna.
  3154 | D:4      | Found a basalt altar of Yredelemnul.
  3278 | D:4      | Reached XP level 6. HP: 37/41 MP: 9/9
  3284 | D:4      | Learned a level 4 spell: Summon Lightning Spire
  3346 | D:4      | Found a glowing silver altar of Zin.
  3524 | D:4      | Found a burning altar of Makhleb.
  3557 | D:5      | Entered Level 5 of the Dungeon
  3656 | D:5      | Found a glowing drain.
  3661 | Sewer    | Entered a sewer
  3994 | Sewer    | Reached *** piety under Cheibriados
  4762 | D:5      | Reached XP level 7. HP: 35/45 MP: 10/10
  5271 | D:5      | Found a staircase to the Ecumenical Temple.
  5784 | D:5      | Reached **** piety under Cheibriados
  6126 | D:6      | Reached skill level 1 in Air Magic
  6126 | D:6      | Reached XP level 8. HP: 37/51 MP: 9/11
  6270 | D:6      | Reached skill level 5 in Polearms
  6499 | D:6      | Noticed Menkaure
  6509 | D:6      | Killed Menkaure
  6509 | D:6      | Reached skill level 1 in Shields
  6834 | D:6      | Found a sparkling altar of Nemelex Xobeh.
  6880 | D:7      | Noticed Joseph
  6898 | D:7      | Killed Joseph
  6986 | D:7      | Upgraded the game from 0.18-a0-1784-ga939a68 to 0.18-a0-1788-g92de1ac
  7016 | D:7      | Found a white marble altar of Elyvilon.
  7052 | D:7      | Reached XP level 9. HP: 22/55 MP: 11/12
  7528 | D:7      | Reached skill level 5 in Shields
  7725 | D:7      | Reached skill level 5 in Invocations
  7835 | D:7      | Reached ***** piety under Cheibriados
  8247 | D:7      | Found a shadowy altar of Dithmenos.
  8336 | D:7      | Noticed Crazy Yiuf
  8351 | D:7      | Killed Crazy Yiuf
  8914 | D:8      | Reached XP level 10. HP: 55/61 MP: 15/15
  8920 | D:8      | Learned a level 4 spell: Summon Ice Beast
  8966 | D:8      | Found a staircase to the Lair.
  9172 | D:8      | Found a shadowy altar of Dithmenos.
  9522 | Lair:1   | Entered Level 1 of the Lair of Beasts
  9546 | Lair:1   | Noticed a spiny frog
  9551 | Lair:1   | Reached ****** piety under Cheibriados
  9568 | Lair:1   | Killed a spiny frog
  9621 | Lair:1   | Got a coiled turquoise ring
  9633 | Lair:1   | Identified the ring "Yvapuyxt" {Wiz +Blink rF+} (You found it on level 1 of the Lair of Beasts)
  9676 | Lair:1   | Found a frozen archway.
  9712 | IceCv    | Entered an ice cave
 10020 | IceCv    | Noticed an ice statue
 10020 | IceCv    | Noticed an ice statue
 10032 | IceCv    | Killed an ice statue
 10034 | IceCv    | Engulfed by a cloud of freezing vapour

Vault maps used:
D:1:      dpeg_arrival_caged_fury, dk_noncrumbling_3
D:2:      old_standard_altar, uniq_natasha
D:3:      overflow_temple_1_default, lemuel_coloured_pillars_altar
D:4:      minitemple, kennysheep_mini, makhleb_blood_cavern_becter
D:5:      minmay_temple_entry_butterflies, first_bread, portal_sewer_entry_e
D:6:      nemelex_lonely_heart_becter, uniq_menkaure
D:7:      elyvilon_altar_4, grunt_dithmenos_shadows, uniq_joseph,
          uniq_crazy_yiuf_cottage
D:8:      lemuel_doored_altar, minmay_lair_entry_lava, special_room
Lair:1:   portal_ice_cave_entry_imps, infiniplex_staircase_pool_2,
          serial_bayou_shore_a, grunt_megastairs_4
Sewer:    sewer_co_cracked_pipes
IceCv:    ice_cave_tombish

Skill      XL: |  1  2  3  4  5  6  7  8  9 10 |
---------------+-------------------------------+-----
Fighting       | 1 2 |  2.6
Summonings     | 5 6 |  6.0
Polearms       | 2 3 4 5 7 9 |  9.0
Dodging        | 3 4 |  4.7
Air Magic      | 1 3 |  3.0
Shields        | 4 5 |  5.0
Invocations    | 3 7 9 |  9.1
Stealth        | |  2.6
Spellcasting   | |  2.0

Action                   |  1- 3 |  4- 6 |  7- 9 | 10-12 || total
-------------------------+-------+-------+-------+-------++-------
Melee: Unarmed           |    30 |       |       |       ||    30
       Constrict         |    16 |    32 |    45 |    13 ||   106
       Tentacles         |    11 |    26 |    57 |    19 ||   113
       Dagger            |    33 |     5 |       |       ||    38
       Spear             |       |   151 |       |       ||   151
       Trident           |       |    14 |   183 |    75 ||   272
 Fire: Shortbow          |       |       |     4 |       ||     4
       Hunting sling     |       |       |    16 |     1 ||    17
       Blowgun           |       |       |       |     6 ||     6
 Cast: Call Imp          |     2 |    14 |    27 |     6 ||    49
       Call Canine Famil |     1 |    21 |    28 |     8 ||    58
       Summon Lightning  |       |       |    11 |     5 ||    16
       Summon Ice Beast  |       |       |       |    15 ||    15
Invok: Slouch            |       |       |     2 |       ||     2
Evoke: Wand              |       |       |       |     1 ||     1
  Use: Scroll            |     1 |    11 |     8 |     1 ||    21
       Potion            |       |       |     2 |     3 ||     5
 Stab: Distracted        |     1 |     4 |     4 |     3 ||    12
       Sleeping          |     6 |    23 |    15 |     2 ||    46
  Eat: Chunk             |     2 |     9 |    12 |     5 ||    28
       Pizza             |       |       |     1 |       ||     1
       Beef jerky        |       |       |     1 |       ||     1
       Bread ration      |       |       |       |     1 ||     1
Armor: Skin              |     4 |     4 |     5 |       ||    13
Dodge: Dodged            |    41 |    57 |    86 |    16 ||   200
Block: Buckler           |       |       |    19 |     9 ||    28
